 Dungeon Crawl Stone Soup version 0.24-a0-378-g94936e539c (webtiles) character file.

Game seed: 11350464678185300909

2391 HAL9000 the Slicer (level 9, -3/42 HPs)
             Began as a Vine Stalker Assassin on June 2, 2019.
             Was a Follower of Uskayaw.
             Shot with a sling bullet by Joseph (4 damage)
             ... on level 7 of the Dungeon.
             The game lasted 00:16:48 (8083 turns).

HAL9000 the Slicer (Vine Stalker Assassin)          Turns: 8083, Time: 00:16:48

Health: -3/42      AC:  6    Str: 16    XL:     9   Next: 46%
Magic:  0/10       EV: 11    Int: 12    God:    Uskayaw [*.....]
Gold:   251        SH:  3    Dex: 16    Spells: 8/8 levels left

rFire    . . .     SeeInvis +   F - +2 dagger (speed)
rCold    . . .     Gourm    .   (no shield)
rNeg     . . .     Faith    .   v - +0 leather armour
rPois    +         Spirit   +   t - +0 helmet
rElec    .         Reflect  +   c - +0 cloak
rCorr    .         Harm     .   H - +0 pair of gloves
MR       +....                  (no boots)
Stlth    +++.......             g - +3 amulet of reflection
HPRegen  0.54/turn              r - ring of poison resistance
MPRegen  0.12/turn              C - ring of see invisible

@: no status effects
A: fangs 3, regeneration 1, magic shield, antimagic bite, no potion heal 3, rot
immunity
a: Stomp, Renounce Religion


You were on level 7 of the Dungeon.
You worshipped Uskayaw.
Uskayaw was noncommittal.
You were hungry.

You visited 2 branches of the dungeon, and saw 9 of its levels.

You collected 251 gold pieces.

Inventory:

Hand Weapons
 F - a +2 dagger of speed (weapon)
Missiles
 d - 8 poisoned darts (quivered)
 p - 2 silver boomerangs
Armour
 c - a +0 cloak (worn)
 t - a +0 helmet (worn)
 v - a +0 leather armour (worn)
 H - a +0 pair of gloves (worn)
Jewellery
 g - a +3 amulet of reflection (around neck)
 r - a ring of poison resistance (left hand)
 C - a ring of see invisible (right hand)
Wands
 b - a wand of digging (5)
 y - a wand of flame (39)
 D - a wand of scattershot (5)
 E - a wand of polymorph (12)
Scrolls
 h - a scroll of immolation {unknown}
 i - a scroll of noise {unknown}
 j - a scroll of blinking
 k - 5 scrolls of teleportation
 l - 2 scrolls of remove curse
 m - 2 scrolls of magic mapping {unknown}
 q - 4 scrolls of amnesia {unknown}
 x - 2 scrolls of random uselessness {unknown}
 G - 2 scrolls of identify
Potions
 n - a potion of invisibility
 o - 2 potions of might
 s - 4 potions of lignification {unknown}
 u - 3 potions of agility {unknown}
 w - 2 potions of curing {unknown}
 z - 2 potions of cancellation {unknown}
 A - a potion of ambrosia {unknown}
 B - a potion of brilliance {unknown}
Comestibles
 f - 7 rations


   Skills:
 - Level 1.7 Fighting
 + Level 11.3 Short Blades
 - Level 1.7 Throwing
 - Level 0.7 Dodging
 - Level 4.8 Stealth


You had 8 spell levels left.
You didn't know any spells.
Your spell library was empty.

Dungeon Overview and Level Annotations

Branches:
Dungeon (8/15)             Temple (1/1) D:5
   Lair: D:8-11

Altars:
Ashenzari
Dithmenos
Elyvilon
Fedhas
Gozag
Hepliaklqana
Kikubaaqudgha
Makhleb
Nemelex Xobeh
Okawaru
Qazlal
Ru
Sif Muna
Uskayaw
Vehumet
Xom
Zin
The Shining One

Annotations:
D:3 1 runed translucent door, D1HalberdGnoll's ghost, amateur KoAM
D:7 Joseph
D:8 Grum


Innate Abilities, Weirdness & Mutations

You have razor-sharp teeth.
Your natural rate of healing is unusually fast.
When hurt, damage is shared between your health and your magic reserves.
Your bite disrupts and absorbs the magic of your enemies.
Potions cannot restore your health.
You are immune to rotting.


Message History

Quiver which item? (- for none, * to show all) (? for menu, Esc to quit)
Quivering
e - a curare-tipped dart for throwing.
Throwing (i - inventory. (/) - cycle)
e - a curare-tipped dart (quivered)
Press: ? - help, Shift-Dir - straight line, f - Joseph
Aim: Joseph, wielding a +0 quarterstaff and wearing a +0 ring mail (lightly wounded)
You throw a curare-tipped dart.
The curare-tipped dart barely misses Joseph.
Joseph hits you with a +0 quarterstaff!
There is a stone staircase leading up here.
Joseph hits you with a +0 quarterstaff!
You climb upwards.
There is a stone staircase leading down here.
Joseph unwields a +0 quarterstaff.
Joseph wields a +0 hunting sling of velocity.
Joseph shoots a sling bullet.
The sling bullet hits you.
You see here a sling bullet.
You can no longer pass through a line of other dancers.
Joseph shoots a sling bullet.
The sling bullet hits you!!
* * * LOW HITPOINT WARNING * * *
You die...

#.........#.......... ####
###.........#....#....
#..###................##[..
#...#.[..........##........
#...##...........###......)
#....#..>@....#...........#
#........#(...#.).........#
#........#....#....#.......
#########.......@..#.....#.......
#...#.###......)..(....####...###
....#...#..............###.§.§§##
#........##.........#..##§§§..§§#
......................##§§§...§§§
.......................§§.......§
........................§..._..§.
.#..#...........................§
...........<..........##.......§§


You could see Joseph.

Vanquished Creatures
  Sigmund (D:6)
  A water moccasin (D:5)
  Duvessa (D:6)
  A sky beast (D:7)
  An orc warrior (D:7)
  A phantom (D:6)
  A wolf (D:7)
  3 centaurs
  2 ogres
  Blork the orc (D:4)
  A bullfrog (D:7)
  3 scorpions
  Dowan (D:6)
  A quasit (D:6)
  2 orc wizards (D:6)
  A hound (D:4)
  2 jellies
  A bullfrog skeleton (D:6)
  A centaur skeleton (D:6)
  8 orc priests
  Ijyb (D:4)
  2 iguanas
  4 worker ants
  A hound zombie (D:7)
  7 gnolls
  3 adders (D:4)
  A shadow imp (D:7)
  4 oozes
  2 adder zombies
  3 adder skeletons
  3 worms
  2 dart slugs (D:2)
  5 leopard geckos
  23 orcs
  8 bats
  8 giant cockroaches
  10 goblins
  4 hobgoblins
  9 jackals
  5 kobolds
  4 quokkas
  A ball python (D:4)
  6 frilled lizards
  A quokka skeleton (D:4)
  A quokka zombie (D:5)
  8 rats
  A bush (D:4)
  2 butterflies (D:5)
163 creatures vanquished.

Notes
Turn   | Place    | Note
-------+----------+-------------------------------------------
     0 | D:1      | HAL9000 the Vine Stalker Assassin began the quest for the
                  | Orb.
     0 | D:1      | Reached XP level 1. HP: 11/11 MP: 2/2
     2 | D:1      | Noticed a demigod
     4 | D:1      | Noticed a spriggan
     4 | D:1      | Noticed a felid
     6 | D:1      | Noticed an octopode
     6 | D:1      | Noticed a vampire
     8 | D:1      | Noticed a merfolk
    10 | D:1      | Noticed a draconian
    10 | D:1      | Noticed a gargoyle
    12 | D:1      | Noticed a halfling
    12 | D:1      | Noticed an elf
    14 | D:1      | Noticed a troll
    14 | D:1      | Noticed a naga
    16 | D:1      | Noticed a minotaur
    16 | D:1      | Noticed an ogre
    18 | D:1      | Noticed a demonspawn
    18 | D:1      | Noticed a ghoul
    20 | D:1      | Noticed a centaur
    20 | D:1      | Noticed a vine stalker
    22 | D:1      | Noticed a human
    24 | D:1      | Noticed a formicid
    24 | D:1      | Noticed a dwarf
    26 | D:1      | Noticed a tengu
    95 | D:1      | Reached skill level 2 in Short Blades
   250 | D:1      | Reached XP level 2. HP: 10/15 MP: 1/3
   907 | D:2      | Reached skill level 3 in Short Blades
   943 | D:2      | Reached XP level 3. HP: 18/18 MP: 4/4
  1407 | D:2      | Found a blossoming altar of Fedhas.
  2236 | D:2      | Gained mutation: Your natural rate of healing is unusually
                  | fast. [Vine Stalker growth]
  2236 | D:2      | Reached XP level 4. HP: 14/23 MP: 5/5
  2478 | D:3      | Found a runed translucent door.
  2479 | D:3      | Noticed D1HalberdGnoll's ghost (amateur KoAM)
  2581 | D:3      | Reached skill level 4 in Short Blades
  2657 | D:3      | Found a sacrificial altar of Ru.
  3061 | D:3      | Reached XP level 5. HP: 26/26 MP: 4/6
  3274 | D:4      | Noticed Blork the orc
  3285 | D:4      | Killed Blork the orc
  3285 | D:4      | Reached skill level 5 in Short Blades
  3319 | D:4      | Noticed an ogre
  3336 | D:4      | Reached XP level 6. HP: 30/30 MP: 5/7
  3346 | D:4      | Reached skill level 6 in Short Blades
  3434 | D:4      | Noticed Ijyb
  3473 | D:4      | Killed Ijyb
  3647 | D:4      | Found a shattered altar of Ashenzari.
  3736 | D:4      | Reached XP level 7. HP: 4/34 MP: 1/8
  4883 | D:5      | Entered Level 5 of the Dungeon
  4889 | D:5      | Found a staircase to the Ecumenical Temple.
  4899 | Temple   | Entered the Ecumenical Temple
  4996 | Temple   | Became a worshipper of Uskayaw the Reveler
  5064 | D:5      | Reached * piety under Uskayaw
  5070 | D:5      | Reached skill level 7 in Short Blades
  5070 | D:5      | Reached ** piety under Uskayaw
  5155 | D:5      | Found a burning altar of Makhleb.
  5557 | D:6      | Reached *** piety under Uskayaw
  5845 | D:6      | Reached skill level 8 in Short Blades
  5905 | D:6      | Found an opulent altar of Gozag.
  5923 | D:6      | Noticed Sigmund
  5926 | D:6      | Gained mutation: You have razor-sharp teeth. [Vine Stalker
                  | growth]
  5926 | D:6      | Reached XP level 8. HP: 38/38 MP: 9/9
  5946 | D:6      | Killed Sigmund
  6104 | D:6      | Noticed Dowan
  6113 | D:6      | Killed Dowan
  6118 | D:6      | Noticed Duvessa
  6132 | D:6      | Killed Duvessa
  6132 | D:6      | Reached skill level 9 in Short Blades
  6635 | D:6      | Found a hazy altar of Hepliaklqana.
  7051 | D:7      | Reached skill level 10 in Short Blades
  7080 | D:7      | Found a shadowy altar of Dithmenos.
  7250 | D:7      | Reached XP level 9. HP: 42/42 MP: 10/10
  7584 | D:7      | Reached skill level 11 in Short Blades
  7767 | D:7      | Found an opulent altar of Gozag.
  7959 | D:8      | Noticed Grum
  8060 | D:8      | Noticed Joseph
  8083 | D:7      | HP: 1/42 [Joseph/sling bullet (15)]
  8083 | D:7      | Shot with a sling bullet by Joseph

Levels and vault maps discovered:
D:1:      kb_arrival_jail, layout_basic, minmay_misc_feat_square
D:2:      minmay_chambers_of_twos, layout_basic, marbit_many_paths,
          first_ration, minmay_door_square, chequers_arboretum
D:3:      layout_basic, nicolae_ru_the_path_less_chosen, gammafunk_ghost_grave
D:4:      layout_loops_ring, serial_forest, infiniplex_forest_clump_medium,
          infiniplex_forest_clump_double, infiniplex_forest_clump_double,
          infiniplex_forest_straight_3, infiniplex_forest_split,
          infiniplex_forest_split, infiniplex_forest_straight_3,
          kennysheep_nondescript, hangedman_decor_growths,
          kennysheep_flooded_box, fountainhead, minmay_three_crescents,
          uniq_ijyb, uniq_blork_the_orc
D:5:      layout_basic, lightli_temple_of_fire, minmay_temple_entry_butterflies
D:6:      layout_basic, kennysheep_mini, nrook_campfire, serial_park_tiny_1,
          chequers_serial_rivers_small_b, grunt_gozag_statues, uniq_duvessa,
          uniq_sigmund
D:7:      layout_cave_pools, old_standard_altar, nicolae_dithmenos_the_darkroom
D:8:      layout_loops_ring, chequers_temple_overflow_statue_of_worship,
          kennysheep_little_box, the_bakery, nicolae_wwwww, uniq_grum,
          uniq_joseph
Temple:   nicolae_temple_hex_pool

Skill      XL: |  1  2  3  4  5  6  7  8  9 |
---------------+----------------------------+-----
Short Blades   | 2 3 4 5 6 8 10 11 | 11.3
Fighting       | |  1.7
Throwing       | |  1.7
Dodging        | |  0.7
Stealth        | |  4.8

Action                   |  1- 3 |  4- 6 |  7- 9 || total
-------------------------+-------+-------+-------++-------
Melee: Dagger            |   112 |   196 |   639 ||   947
       Bite              |    25 |    58 |   227 ||   310
Throw: Dart              |     9 |     8 |     6 ||    23
  Use: Scroll            |       |     4 |     2 ||     6
 Stab: Sleeping          |    10 |     3 |     9 ||    22
       Paralysed         |       |       |     6 ||     6
       Distracted        |       |       |     1 ||     1
  Eat: Chunk             |     2 |     7 |    10 ||    19
       Ration            |       |       |     1 ||     1
Armor: Robe              |    28 |    10 |       ||    38
       Leather armour    |       |    42 |    62 ||   104
Dodge: Dodged            |    53 |    79 |   128 ||   260
Block: Other             |       |     1 |    30 ||    31

Table legend:
 A = Non-vault XP
 B = Vault XP
 C = Vault XP percentage of total XP
 D = Non-vault monster count
 E = Vault monster count
 F = Vault count percentage of total count
                 A         B        C        D         E       F
            +---------+---------+-------+---------+---------+-------
      Total |    2622 |     794 |  23.2 |     141 |      19 |  11.9
            +---------+---------+-------+---------+---------+-------
        D:1 |      26 |       0 |   0.0 |      15 |       0 |   0.0
        D:2 |      36 |      20 |  35.7 |      15 |       9 |  37.5
        D:3 |      90 |       0 |   0.0 |      24 |       0 |   0.0
        D:4 |     276 |     215 |  43.8 |      24 |       6 |  20.0
        D:5 |     227 |       0 |   0.0 |       5 |       0 |   0.0
        D:6 |     822 |     438 |  34.8 |      33 |       3 |   8.3
        D:7 |    1033 |     121 |  10.5 |      23 |       1 |   4.2
        D:8 |     112 |       0 |   0.0 |       2 |       0 |   0.0
            +---------+---------+-------+---------+---------+-------
